AoeStats
← fatcat15513

Arena

508628809Analyzed
3v3 RM · 8d ago on Sep 23, 2026· 55m 43s· 6 players
Game mode
Random Map
Map size
Normal (6 player)
Population
200
Speed
Normal
Resources
Standard
Victory
Conquest
Starting age
Dark Age
Ending age
Imperial Age
RankedLock teamsTeams togetherTeam positionsShared explorationLock speedFull tech treeHidden civsTurbo modeCheats
Victory
Defeat
🇨🇳 Saracens · China
1347
+12
🇹🇼 Saxons · Taiwan
1333
+13
🇹🇼 Varangians · Taiwan
1161
+20
🇨🇳 Italians · China
1291
-16
🇦🇺 Saxons · Australia
1284
-16
🇦🇺 Danes · Australia
1206
-13
棒总
10:46 Feudal Age
14:32 Castle Age
12:34 Double-Bit Axe
12:31 Horse Collar
18:23 Loom
21:08 Gold Mining
22:22 Wheelbarrow
22:05 Stone Mining
23:26 Bow Saw
23:43 Heavy Plow
25:01 Hand Cart
25:53 Ballistics
28:38 Imperial Age
26:56 Fletching
27:07 Padded Archer Armor
27:11 Squires
26:57 Arson
27:44 Bodkin Arrow
29:06 Thumb Ring
29:21 Leather Archer Armor
30:22 Chemistry
29:55 Conscription
30:19 Bracer
31:16 Ring Archer Armor
31:59 Elite Genoese Crossbowman
38:07 Scale Barding Armor
38:12 Forging
37:57 Light Cavalry
38:47 Bloodlines
39:21 Husbandry
38:42 Hussar
40:46 Chain Barding Armor
41:02 Iron Casting
47:48 Plate Barding Armor
48:14 Blast Furnace
51:34 Stone Shaft Mining
Weak Foe Ahead
9:47 Feudal Age
11:05 Loom
13:25 Castle Age
11:49 Double-Bit Axe
14:34 Bow Saw
14:09 Horse Collar
15:04 Loom
16:30 Wheelbarrow
22:01 Gold Mining
22:27 Scale Barding Armor
22:57 Pikeman
24:16 Fortified Wall
24:18 Fletching
25:06 Heavy Plow
26:35 Crossbowman
27:24 Thumb Ring
31:11 Imperial Age
29:12 Ballistics
28:59 Bodkin Arrow
30:43 Hand Cart
31:17 Gold Shaft Mining
30:34 Stone Mining
30:40 Town Watch
31:06 Padded Archer Armor
31:58 Bracer
32:34 Forging
31:59 Arbalester
33:25 Leather Archer Armor
34:11 Halberdier
34:53 Scale Mail Armor
39:09 Capped Ram
40:05 Elite Skirmisher
43:51 Onager
47:12 Guard Tower
47:27 Arrowslits
Fuzzy
10:57 Feudal Age
14:33 Castle Age
12:53 Double-Bit Axe
21:54 Horse Collar
24:59 Heavy Plow
25:48 Wheelbarrow
25:52 Bow Saw
25:36 Gold Mining
27:39 Hand Cart
27:25 Loom
29:31 Gold Shaft Mining
31:53 Imperial Age
29:56 Scale Mail Armor
30:07 Forging
31:08 Chain Mail Armor
32:21 Iron Casting
33:24 Plate Mail Armor
33:38 Conscription
34:57 Blast Furnace
34:07 Stone Mining
33:39 Elite Varangian Guard
34:29 Squires
43:42 Elite Jomsviking
44:43 Conscription
44:22 Town Watch
48:23 Arson
LocalMomsHelper
10:27 Feudal Age
11:31 Double-Bit Axe
14:09 Castle Age
12:17 Horse Collar
15:12 Town Watch
18:45 Bow Saw
24:54 Heavy Plow
25:34 Wheelbarrow
24:54 Loom
25:05 Treadmill Crane
28:18 Imperial Age
26:53 Ballistics
26:36 Fletching
26:46 Padded Archer Armor
27:10 Crossbowman
27:49 Bodkin Arrow
28:35 Masonry
28:18 Guard Tower
28:39 Masonry
28:58 Thumb Ring
29:10 Leather Archer Armor
29:53 Bracer
30:34 Arbalester
32:36 Hand Cart
33:43 Keep
33:53 Elite Skirmisher
35:11 Ring Archer Armor
34:30 Arrowslits
34:51 Siege Engineers
35:49 Chemistry
36:44 Architecture
41:30 Scale Mail Armor
41:41 Forging
40:56 Shield Wall
41:45 Elite Varangian Guard
42:26 Squires
42:12 Arson
43:40 Chain Mail Armor
44:01 Iron Casting
50:10 Plate Mail Armor
fatcat15513
10:49 Feudal Age
14:28 Castle Age
12:38 Double-Bit Axe
12:58 Horse Collar
15:24 Bow Saw
22:33 Wheelbarrow
23:10 Gold Mining
23:11 Stone Mining
27:47 Imperial Age
25:05 Loom
25:39 Scale Barding Armor
26:06 Forging
26:59 Chain Barding Armor
26:53 Husbandry
27:09 Bloodlines
28:40 Iron Casting
27:58 Cavalier
28:54 Town Watch
30:52 Plate Barding Armor
31:56 Blast Furnace
30:57 Vendel Legacy
32:09 Fletching
32:57 Padded Archer Armor
32:41 Treadmill Crane
33:55 Elite Skirmisher
34:55 Leather Archer Armor
34:35 Bodkin Arrow
37:27 Bracer
37:57 Ring Archer Armor
37:59 Ballistics
38:40 Chemistry
37:13 Light Cavalry
39:11 Two-Man Saw
38:32 Hand Cart
39:13 Conscription
43:07 Murder Holes
43:23 Masonry
45:40 Architecture
45:06 Hussar
52:38 Fortified Wall
52:33 Siege Engineers
630406632
11:07 Feudal Age
16:01 Castle Age
14:19 Double-Bit Axe
14:42 Horse Collar
17:07 Bow Saw
17:03 Gold Mining
20:00 Scale Barding Armor
21:08 Forging
22:48 Wheelbarrow
24:06 Iron Casting
24:12 Gold Shaft Mining
25:00 Stone Mining
26:26 Heavy Plow
27:03 Chain Barding Armor
27:17 Husbandry
27:32 Loom
28:23 Bloodlines
29:30 Fletching
33:08 Bodkin Arrow
34:53 Hand Cart
37:19 Imperial Age
39:42 Plate Barding Armor
38:36 Elite Mameluke
41:15 Blast Furnace
42:31 Bracer
45:45 Two-Man Saw
49:22 Caravan
51:27 Town Watch
Connection lost

Rejoining the realm…

Still unreachable

The connection could not be restored.

Session expired

The server has moved on; the page needs a fresh start.